Map: Lerilak Crest

Players

Shroud - Winner!

  • Race: Terran Terran
  • League: Diamond

LilDicky

  • Race: Terran Terran
  • League: Diamond

VOD

http://www.twitch.tv/tumescentpie

Description

Time

  • Played on: Nov. 25, 2015, 7:38 p.m.
  • Length: 8:08
Show
View Real Time Build Order
Export as new Build Order

Shroud Terran - Winner!

Build Orders:  

Get SALT Encoding   

  12  0:01  SCV  
  13  0:13  SCV  
  14  0:20  Supply Depot  
  14  0:25  SCV  
  15  0:44  SCV  
  15  0:46  Barracks  
  16  0:50  Refinery  
  16  0:56  SCV  
  17  1:08  SCV  
  18  1:20  SCV  
  19  1:32  SCV  
  20  1:35  Supply Depot  
  20  1:36  Marine  
  21  1:42  Refinery  
  21  1:44  Orbital Command  
  21  1:53  Marine  
  22  2:03  Factory  
  22  2:11  SCV  
  23  2:22  Barracks Reactor  
  23  2:29  SCV  
  24  2:41  SCV  
  25  2:53  Factory Tech Lab, SCV  
  25  2:56  Starport  
  25  2:58  Marine x2  
  27  3:03  Supply Depot, Barracks  
  28  3:05  SCV  
  29  3:18  SCV  
  29  3:19  Marine  
  31  3:25  Siege Tank, Marine  
  35  3:30  SCV  
  36  3:34  Supply Depot, Medivac  
  38  3:42  SCV  
  38  3:47  Marine x2  
  40  3:53  Barracks Tech Lab  
  40  3:57  Siege Tank  
  43  4:04  Starport Tech Lab  
  43  4:07  Marine x2  
  45  4:22  Marine  
  46  4:24  Marine  
  46  4:25  Marine  
  46  4:27  Banshee  
  46  4:29  Siege Tank  
  55  4:35  Supply Depot  
  54  4:42  Marine x2  
  54  4:43  Marine  
  57  4:49  Stimpack  
  57  5:05  Marine  
  57  5:06  Marine x2  
  60  5:09  Siege Tank  
  63  5:23  Marine  
  63  5:29  Banshee  
  66  6:03  Siege Tank  
  66  6:04  Marine x2  
  71  6:15  Medivac, Marine  
  73  6:38  Marine x3  
  76  6:40  Siege Tank  
  73  6:56  Marine  
  53  7:35  Marine  
  53  7:36  Marine x2  
Show
View Real Time Build Order
Export as new Build Order

LilDicky Terran 

Build Orders: Banshee Rush 

Get SALT Encoding   

  12  0:01  SCV  
  13  0:13  SCV  
  14  0:17  Supply Depot  
  14  0:25  Refinery  
  14  0:29  SCV  
  15  0:41  SCV  
  16  0:46  Barracks  
  16  0:53  SCV  
  17  1:05  SCV  
  18  1:17  SCV  
  19  1:29  SCV  
  20  1:33  Supply Depot  
  20  1:34  Reaper  
  21  1:55  Command Center  
  21  1:57  Orbital Command  
  21  2:09  Marine  
  21  2:12  Factory  
  22  2:22  SCV  
  23  2:27  Marine  
  23  2:28  Supply Depot  
  24  2:37  SCV  
  24  2:39  Refinery  
  25  2:44  Marine  
  25  2:49  SCV  
  27  2:56  Factory Tech Lab  
  27  2:57  Starport  
  27  3:01  SCV  
  28  3:06  Orbital Command  
  28  3:12  Marine  
  29  3:13  SCV  
  30  3:25  SCV  
  31  3:28  Orbital Command  
  31  3:46  Marine  
  31  3:49  Widow Mine  
  31  3:51  SCV  
  34  3:57  SCV  
  34  4:00  Banshee, Cloaking Field  
  38  4:04  SCV, Supply Depot  
  39  4:16  SCV  
  40  4:20  SCV  
  43  4:24  Refinery  
  43  4:26  Factory Tech Lab, Refinery  
  43  4:28  SCV  
  43  4:31  Command Center  
  42  4:32  SCV  
  42  4:34  Factory  
  43  4:40  SCV  
  43  4:41  Marine  
  43  4:43  Banshee  
  43  4:44  SCV  
  49  4:47  Siege Tank  
  49  4:52  SCV  
  53  4:56  SCV  
  53  4:59  Marine  
  54  5:04  SCV  
  52  5:23  Factory Reactor  
  52  5:27  Viking  
  51  5:31  SCV x2  
  53  5:43  Engineering Bay  
  53  5:50  SCV x2  
  53  5:51  Siege Tank  
  57  5:57  Viking  
  60  6:04  SCV  
  60  6:11  SCV  
  60  6:16  SCV  
  62  6:21  Missile Turret  
  62  6:24  Missile Turret  
  62  6:25  Missile Turret  
  62  6:26  SCV  
  62  6:28  SCV  
  62  6:29  Viking  
  64  6:38  SCV  
  64  6:40  SCV  
  65  6:54  Hellion  
  65  6:55  Hellion  
  69  7:04  Viking  
  69  7:06  Siege Tank, Missile Turret  
  30  7:38  Marine  
  30  7:42  SCV x2  
  36  7:46  Hellion x2  
  39  7:54  SCV  
Tags
 
Add a new tag
Caveats
  • Supply blocks, unpowered buildings, or Contaminate may cause inaccurate times.
  • Supply counts are checked every 10 seconds.